cohdb
Replays
Latest Replays
All Replays
Popular Replays
Top Player Replays
Match Explorer
How It Works
Community
CoH3 Stats
Reddit
Sign in to upload your games and track your stats! →
Sign in with Steam
Match 39855767
Unlisted
Match 39855767
Overview
Messages
Build Orders
End
Kradschützen Motorcycle Team
Selects Panzerjäger Kommand Battlegroup
Panzergrenadier Squad
Panzergrenadier Squad
Construct Light Support Kompanie
MG34 Team
Construct Mechanized Kompanie
Panzergrenadier Squad
Support Armor Elements
Selects Mine Fields
Selects Defensive Positions
StuG III D Assault Gun
Pak 38 Anti-tank Gun Team
Panzergrenadier Squad
Veteran Squad Leaders
Selects Butterfly Bomb Drop
le.IG 18 Mechanized Group
Pak 38 Anti-tank Gun Team
Construct Panzerarmee Kommand
Armored Reserves
Selects Tank Busters
Selects Crew Shock Tactics
Panzer IV Assault Group
Butterfly Bomb Drop
MG34 Team
Emergency Repair Kits
Tiger Heavy Tank
Butterfly Bomb Drop
Crew Shock Tactics
Selects Elefant Tank Destroyer
Saueee
Luchadores Mexicanos
LW | MUERTE
Trivolka
0
0
Comments
sign in to comment!
No comments posted yet!